TOP OF THE 1ST |
Idaho Falls Chukars batting - Pitching for Grim Reapers : RHP Pedro Figueroa
|
Pitching: RHP Pedro Figueroa
|
|
Batting: LHB Randy Schlosser
|
0-0: Called Strike 0-1: Ball 1-1: Called Strike 1-2: Foul Ball, location: 2F 1-2: Ball 2-2: Strikes out swinging
|
Batting: RHB Miguel Luna
|
0-0: Called Strike 0-1: Ball 1-1: Called Strike 1-2: Ball 2-2: Strikes out looking
|
Batting: LHB Ned Durand
|
0-0: SINGLE (Line Drive, 56D)
|
Batting: SHB Juan Rivas
|
0-0: Ball 1-0: Foul Ball, location: 2F 1-1: 2-RUN HOME RUN (Line Drive, 9D), Distance : 382 ft
|
Batting: LHB Ramón Félix
|
0-0: Ball 1-0: Foul Ball, location: 2F 1-1: Foul Ball, location: 2F 1-2: Ball 2-2: Ball 3-2: Base on Balls
|
Batting: RHB Jung-hwan Kwon
|
0-0: Swinging Strike 0-1: Fly out, F9 (Flyball, 89M)
|
Top of the 1st over - 2 run(s), 2 hit(s), 0 error(s), 1 left on base; Idaho Falls 2 - Grim 0 |
BOTTOM OF THE 1ST |
Grim Reapers batting - Pitching for Idaho Falls Chukars : RHP Jesús Acosta
|
Pitching: RHP Jesús Acosta
|
|
Batting: RHB Alberto Rodríguez
|
0-0: Ball 1-0: Swinging Strike 1-1: Called Strike 1-2: Strikes out swinging
|
Batting: RHB Bill Allen
|
0-0: Called Strike 0-1: Ground out 6-3 (Groundball, 6)
|
Batting: RHB Vincent Klein
|
0-0: Ball 1-0: Foul Ball, location: 2F 1-1: Called Strike 1-2: Ground out 5-3 (Groundball, 5)
|
Bottom of the 1st over - 0 run(s), 0 hit(s), 0 error(s), 0 left on base; Idaho Falls 2 - Grim 0 |
TOP OF THE 2ND |
Idaho Falls Chukars batting - Pitching for Grim Reapers : RHP Pedro Figueroa
|
Batting: RHB Lee Faught
|
0-0: Ball 1-0: Called Strike 1-1: Called Strike 1-2: Ball 2-2: Ground out 6-3 (Groundball, 6)
|
Batting: RHB Adrian Rodgers
|
0-0: Called Strike 0-1: Ball 1-1: Ball 2-1: Ball 3-1: Foul Ball, location: 2F 3-2: Ground out 6-3 (Groundball, 6M)
|
Batting: RHB Quigley Gibson
|
0-0: Called Strike 0-1: Foul Ball, location: 2F 0-2: Ball 1-2: Strikes out swinging
|
Top of the 2nd over - 0 run(s), 0 hit(s), 0 error(s), 0 left on base; Idaho Falls 2 - Grim 0 |
BOTTOM OF THE 2ND |
Grim Reapers batting - Pitching for Idaho Falls Chukars : RHP Jesús Acosta
|
Batting: LHB Davis Anderson
|
0-0: Ball 1-0: Called Strike 1-1: SINGLE (Groundball, 3)
|
Batting: RHB Jorge López
|
0-0: Called Strike 0-1: Foul Ball, location: 2F 0-2: Strikes out swinging
|
Batting: RHB António Díaz
|
0-0: Swinging Strike 0-1: Ball 1-1: Foul Ball, location: 2F 1-2: Foul Ball, location: 2F 1-2: Foul Ball, location: 2F 1-2: Ground out 4-3 (Groundball, 4M) Davis Anderson to second
|
Batting: RHB Bernardo Rodríguez
|
0-0: Ball 1-0: Ball 2-0: Called Strike 2-1: SINGLE (Groundball, 56) Davis Anderson to third Runner from 3rd tries for Home, SAFE, no throw or cutoff
|
Batting: LHB Alberto Arredondo
|
0-0: Ground out 4-3 (Groundball, 4)
|
Bottom of the 2nd over - 1 run(s), 2 hit(s), 0 error(s), 1 left on base; Idaho Falls 2 - Grim 1 |
TOP OF THE 3RD |
Idaho Falls Chukars batting - Pitching for Grim Reapers : RHP Pedro Figueroa
|
Batting: LHB Randy Schlosser
|
0-0: Called Strike 0-1: Ground out U3 (Groundball, 3)
|
Batting: RHB Miguel Luna
|
0-0: SINGLE (Line Drive, 4D)
|
Batting: LHB Ned Durand
|
0-0: Ball 1-0: Ball 2-0: Called Strike 2-1: Ground out 4-3 (Groundball, 4M) Miguel Luna to second
|
Batting: SHB Juan Rivas
|
0-0: Swinging Strike 0-1: Ball 1-1: SINGLE (Groundball, 34D) Miguel Luna to third Runner from 3rd tries for Home, SAFE, no throw or cutoff
|
Batting: LHB Ramón Félix
|
0-0: Ball 1-0: Swinging Strike 1-1: Called Strike 1-2: Fly out, F8 (Flyball, 8LM)
|
Top of the 3rd over - 1 run(s), 2 hit(s), 0 error(s), 1 left on base; Idaho Falls 3 - Grim 1 |
BOTTOM OF THE 3RD |
Grim Reapers batting - Pitching for Idaho Falls Chukars : RHP Jesús Acosta
|
Batting: LHB Edgardo Díaz
|
0-0: Called Strike 0-1: Called Strike 0-2: Strikes out swinging
|
Batting: RHB Alberto Rodríguez
|
0-0: Ball 1-0: Ground out 4-3 (Groundball, 4)
|
Batting: RHB Bill Allen
|
0-0: Swinging Strike 0-1: Foul Ball, location: 2F 0-2: Strikes out swinging
|
Bottom of the 3rd over - 0 run(s), 0 hit(s), 0 error(s), 0 left on base; Idaho Falls 3 - Grim 1 |
TOP OF THE 4TH |
Idaho Falls Chukars batting - Pitching for Grim Reapers : RHP Pedro Figueroa
|
Batting: RHB Jung-hwan Kwon
|
0-0: Swinging Strike 0-1: Bunt - Flyout! F1
|
Batting: RHB Lee Faught
|
0-0: Swinging Strike 0-1: Ball 1-1: Foul Ball, location: 2F 1-2: Strikes out looking
|
Batting: RHB Adrian Rodgers
|
0-0: Ball 1-0: Called Strike 1-1: Ball 2-1: Fly out, F9 (Flyball, 89M)
|
Top of the 4th over - 0 run(s), 0 hit(s), 0 error(s), 0 left on base; Idaho Falls 3 - Grim 1 |
BOTTOM OF THE 4TH |
Grim Reapers batting - Pitching for Idaho Falls Chukars : RHP Jesús Acosta
|
Batting: RHB Vincent Klein
|
0-0: SINGLE (Groundball, 6MD)
|
Batting: LHB Davis Anderson
|
0-0: Fly out, F6 (Popup, 6D)
|
Batting: RHB Jorge López
|
0-0: Ball 1-0: Called Strike 1-1: Foul Ball, location: 2F 1-2: Strikes out swinging
|
Batting: RHB António Díaz
|
0-0: Called Strike 0-1: Ball 1-1: Foul Ball, location: 2F 1-2: SINGLE (Line Drive, 34D) Vincent Klein to second
|
Batting: RHB Bernardo Rodríguez
|
0-0: Ground out 5-3 (Groundball, 56S)
|
Bottom of the 4th over - 0 run(s), 2 hit(s), 0 error(s), 2 left on base; Idaho Falls 3 - Grim 1 |
TOP OF THE 5TH |
Idaho Falls Chukars batting - Pitching for Grim Reapers : RHP Pedro Figueroa
|
Batting: RHB Quigley Gibson
|
0-0: SINGLE (Line Drive, 8LS)
|
Batting: LHB Randy Schlosser
|
0-0: Sac Bunt - play at first, batter safe! Quigley Gibson to second
|
Batting: RHB Miguel Luna
|
0-0: Bunted foul 0-1: Bunted foul 0-2: Foul Ball, location: 2F 0-2: Foul Ball, location: 2F 0-2: Foul Ball, location: 2F 0-2: SINGLE (Groundball, 3L) Quigley Gibson to third Randy Schlosser to second
|
Batting: LHB Ned Durand
|
0-0: Ball 1-0: Ball 2-0: Fly out, F8 (Flyball, 8RD) Runner from 3rd tags up, SCORES, throw made
|
Batting: SHB Juan Rivas
|
0-0: Ball Randy Schlosser steals 3rd base Miguel Luna to second 1-0: Ground out 5-3 (Groundball, 56S) Randy Schlosser scores Miguel Luna to third
|
Batting: LHB Ramón Félix
|
0-0: Ball 1-0: Ball 2-0: Ball 3-0: Called Strike 3-1: Called Strike 3-2: Fly out, F7 (Flyball, 7M)
|
Top of the 5th over - 2 run(s), 3 hit(s), 0 error(s), 1 left on base; Idaho Falls 5 - Grim 1 |
BOTTOM OF THE 5TH |
Grim Reapers batting - Pitching for Idaho Falls Chukars : RHP Jesús Acosta
|
Batting: LHB Alberto Arredondo
|
0-0: Called Strike 0-1: SINGLE (Line Drive, 4MD)
|
Batting: LHB Edgardo Díaz
|
0-0: Called Strike 0-1: Ball Passed Ball! Alberto Arredondo to second 1-1: Swinging Strike 1-2: Strikes out swinging
|
Batting: RHB Alberto Rodríguez
|
0-0: Ball 1-0: Called Strike 1-1: Ball 2-1: Ball 3-1: Foul Ball, location: 2F 3-2: Strikes out swinging
|
Batting: RHB Bill Allen
|
0-0: Foul Ball, location: 2F 0-1: Ball 1-1: Foul Ball, location: 2F 1-2: Strikes out looking
|
Bottom of the 5th over - 0 run(s), 1 hit(s), 0 error(s), 1 left on base; Idaho Falls 5 - Grim 1 |
TOP OF THE 6TH |
Idaho Falls Chukars batting - Pitching for Grim Reapers : RHP Pedro Figueroa
|
Batting: RHB Jung-hwan Kwon
|
0-0: Ball 1-0: Foul Ball, location: 2F 1-1: Ball 2-1: Called Strike 2-2: Ball 3-2: Foul Ball, location: 2F 3-2: Strikes out looking
|
Batting: RHB Lee Faught
|
0-0: Ball 1-0: Fly out, F7 (Flyball, 7M)
|
Batting: RHB Adrian Rodgers
|
0-0: Foul Ball, location: 2F 0-1: Foul Ball, location: 2F 0-2: Strikes out swinging
|
Top of the 6th over - 0 run(s), 0 hit(s), 0 error(s), 0 left on base; Idaho Falls 5 - Grim 1 |
BOTTOM OF THE 6TH |
Grim Reapers batting - Pitching for Idaho Falls Chukars : RHP Jesús Acosta
|
Batting: RHB Vincent Klein
|
0-0: Called Strike 0-1: Ball 1-1: Swinging Strike 1-2: Ball 2-2: Foul Ball, location: 2F 2-2: Foul Ball, location: 2F 2-2: SINGLE (Groundball, 56D)
|
Batting: LHB Davis Anderson
|
0-0: Swinging Strike 0-1: Ball 1-1: Ball 2-1: Grounds out, U3 (Groundball, 3L)
|
Batting: RHB Jorge López
|
0-0: Ball 1-0: Foul Ball, location: 2F 1-1: Ball 2-1: Foul Ball, location: 2F 2-2: Strikes out looking
|
Batting: RHB António Díaz
|
0-0: Swinging Strike 0-1: Ball 1-1: Ball 2-1: Ball 3-1: Ground out 6-3 (Groundball, 6)
|
Bottom of the 6th over - 0 run(s), 1 hit(s), 0 error(s), 1 left on base; Idaho Falls 5 - Grim 1 |
TOP OF THE 7TH |
Idaho Falls Chukars batting - Pitching for Grim Reapers : RHP Pedro Figueroa
|
Batting: RHB Quigley Gibson
|
0-0: Foul Ball, location: 2F 0-1: Ball 1-1: Foul Ball, location: 2F 1-2: Foul Ball, location: 2F 1-2: Strikes out swinging
|
Batting: LHB Randy Schlosser
|
0-0: Ball 1-0: Foul Ball, location: 2F 1-1: Ground out 5-3 (Groundball, 56S)
|
Batting: RHB Miguel Luna
|
0-0: SINGLE (Line Drive, 34)
|
Batting: LHB Ned Durand
|
0-0: Ball 1-0: Foul Ball, location: 2F 1-1: Ball 2-1: Called Strike 2-2: Ball 3-2: SINGLE (Groundball, 4M) Miguel Luna to second Miguel Luna to third
|
Batting: SHB Juan Rivas
|
0-0: Called Strike 0-1: Called Strike 0-2: DOUBLE (Line Drive, 3D) Miguel Luna scores Ned Durand to third Runner from 3rd tries for Home, SAFE, throw made at trailing runner, SAFE at third!
|
Pitching: RHP Lance de Valk
|
|
Batting: LHB Ramón Félix
|
0-0: Swinging Strike 0-1: Foul Ball, location: 2F 0-2: Ball 1-2: Foul Ball, location: 2F 1-2: Ground out U3 (Groundball, 3S)
|
Top of the 7th over - 2 run(s), 3 hit(s), 0 error(s), 1 left on base; Idaho Falls 7 - Grim 1 |
BOTTOM OF THE 7TH |
Grim Reapers batting - Pitching for Idaho Falls Chukars : RHP Jesús Acosta
|
Pitching: LHP Roberto De La Cruz
|
|
Batting: RHB Bernardo Rodríguez
|
0-0: TRIPLE (Flyball, 89D)
|
Batting: LHB Alberto Arredondo
|
0-0: Ground out 4-3 (Groundball, 4M) Bernardo Rodríguez scores
|
Batting: LHB Edgardo Díaz
|
0-0: Swinging Strike 0-1: Called Strike 0-2: Strikes out swinging
|
Batting: RHB Alberto Rodríguez
|
0-0: Ball 1-0: Ball 2-0: Ball 3-0: Called Strike 3-1: Called Strike 3-2: Fly out, F8 (Flyball, 8RS)
|
Bottom of the 7th over - 1 run(s), 1 hit(s), 0 error(s), 0 left on base; Idaho Falls 7 - Grim 2 |
TOP OF THE 8TH |
Idaho Falls Chukars batting - Pitching for Grim Reapers : RHP Lance de Valk
|
Batting: RHB Jung-hwan Kwon
|
0-0: Ball 1-0: Fly out, F7 (Flyball, 78S)
|
Batting: RHB Lee Faught
|
0-0: Ball 1-0: Ball 2-0: Swinging Strike 2-1: Foul Ball, location: 2F 2-2: Foul Ball, location: 2F 2-2: Foul Ball, location: 2F 2-2: Ball 3-2: Base on Balls
|
Batting: RHB Adrian Rodgers
|
0-0: Ball 1-0: Called Strike Lee Faught steals 2nd base 1-1: Ground out 6-3 (Groundball, 6)
|
Batting: RHB Quigley Gibson
|
0-0: Fly out, F7 (Line Drive, 7S)
|
Top of the 8th over - 0 run(s), 0 hit(s), 0 error(s), 1 left on base; Idaho Falls 7 - Grim 2 |
BOTTOM OF THE 8TH |
Grim Reapers batting - Pitching for Idaho Falls Chukars : LHP Roberto De La Cruz
|
Batting: RHB Bill Allen
|
0-0: Fly out, F2 (Popup, 2RF)
|
Batting: RHB Vincent Klein
|
0-0: Called Strike 0-1: Hit by Pitch
|
Batting: LHB Davis Anderson
|
0-0: Called Strike 0-1: Called Strike 0-2: Strikes out looking
|
Batting: RHB Jorge López
|
0-0: Called Strike 0-1: Foul Ball, location: 2F 0-2: Foul Ball, location: 2F 0-2: Foul Ball, location: 2F 0-2: Ball 1-2: Ball 2-2: DOUBLE (Line Drive, 7LS) Vincent Klein to third
|
Batting: RHB António Díaz
|
0-0: Called Strike 0-1: Fly out, F3 (Popup, 3S)
|
Bottom of the 8th over - 0 run(s), 1 hit(s), 0 error(s), 2 left on base; Idaho Falls 7 - Grim 2 |
TOP OF THE 9TH |
Idaho Falls Chukars batting - Pitching for Grim Reapers : RHP Lance de Valk
|
Pitching: RHP Mike Desmond
|
|
Batting: LHB Randy Schlosser
|
0-0: Called Strike 0-1: Fly out, F9 (Flyball, 9LM)
|
Batting: RHB Miguel Luna
|
0-0: Ball 1-0: Ball 2-0: Foul Ball, location: 2F 2-1: Fly out, F8 (Flyball, 8LM)
|
Batting: LHB Ned Durand
|
0-0: Called Strike 0-1: Ball 1-1: Called Strike 1-2: Strikes out swinging
|
Top of the 9th over - 0 run(s), 0 hit(s), 0 error(s), 0 left on base; Idaho Falls 7 - Grim 2 |
BOTTOM OF THE 9TH |
Grim Reapers batting - Pitching for Idaho Falls Chukars : LHP Roberto De La Cruz
|
Pitching: RHP Shotaro Sugahara
|
|
Now at SS: Kenny Rush
|
|
Now in RF: Dave Watts
|
|
Batting: RHB Bernardo Rodríguez
|
0-0: Called Strike 0-1: Swinging Strike 0-2: Foul Ball, location: 2F 0-2: Strikes out swinging
|
Batting: LHB Alberto Arredondo
|
0-0: Ground out 4-3 (Groundball, 4M)
|
Batting: LHB Edgardo Díaz
|
0-0: Ball 1-0: Swinging Strike 1-1: SOLO HOME RUN (Flyball, 9LD), Distance : 346 ft
|
Batting: RHB Alberto Rodríguez
|
0-0: SINGLE (Line Drive, 34D)
|
Batting: RHB Bill Allen
|
0-0: Called Strike 0-1: Called Strike 0-2: Strikes out swinging
|
Bottom of the 9th over - 1 run(s), 2 hit(s), 0 error(s), 1 left on base; Idaho Falls 7 - Grim 3 |
|